Map: Ice and Chrome LE

Players

BombJin

  • Race: Protoss Protoss
  • League: Master
  • Spawn Location: 7:00

PasT - Winner!

  • Race: Zerg Zerg
  • League: Master
  • Spawn Location: 1:00

VOD

Have the link to the VOD?

Description

Time

  • Played on: Sept. 9, 2020, 11:30 a.m.
  • Length: 5:33
Show
View Real Time Build Order
Export as new Build Order

BombJin Protoss 

Build Orders: 1 Gate Expand 

Get SALT Encoding   

  12  0:00  Probe  
  13  0:12  Probe  
  14  0:19  Pylon  
  14  0:24  Probe  
  15  0:37  Probe (Chrono Boost)  
  15  0:40  Gateway  
  16  0:46  Probe (Chrono Boost)  
  16  0:48  Assimilator  
  17  0:51  Probe  
  18  1:03  Probe  
  19  1:16  Probe  
  20  1:27  Nexus  
  20  1:37  Cybernetics Core  
  20  1:39  Probe  
  21  1:45  Assimilator  
  21  1:51  Probe  
  21  1:54  Pylon  
  22  2:04  Probe (Chrono Boost)  
  23  2:10  Adept (Chrono Boost)  
  23  2:14  Warp Gate  
  26  2:16  Probe (Chrono Boost)  
  26  2:21  Probe (Chrono Boost)  
  27  2:25  Robotics Facility  
  27  2:31  Probe (Chrono Boost)  
  28  2:39  Probe (Chrono Boost)  
  28  2:42  Stalker  
  32  2:48  Probe x2 (Chrono Boost)  
  33  2:53  Probe (Chrono Boost)  
  33  2:54  Probe  
  35  3:01  Gateway  
  35  3:05  Probe  
  35  3:06  Probe  
  37  3:13  Warp Prism (Chrono Boost)  
  37  3:19  Sentry  
  41  3:32  Gateway x2  
  41  3:36  Pylon  
  41  3:44  Immortal (Chrono Boost)  
  45  3:58  Gateway  
  45  4:00  Pylon  
  45  4:04  Sentry x2  
  45  4:08  Pylon  
  49  4:16  Observer  
  50  4:27  Zealot x4, Pylon  
  58  4:42  Pylon  
  58  4:49  Stalker x3  
  58  4:50  Zealot  
  66  4:54  Sentry  
Show
View Real Time Build Order
Export as new Build Order

PasT Zerg - Winner!

Build Orders: Hatch First 

Get SALT Encoding   

  12  0:00  Drone  
  13  0:12  Overlord  
  13  0:16  Drone  
  14  0:30  Drone x2  
  16  0:47  Hatchery  
  15  0:50  Drone  
  15  0:55  Drone  
  17  0:58  Drone  
  18  1:09  Extractor  
  17  1:13  Spawning Pool  
  17  1:15  Drone  
  17  1:19  Drone  
  18  1:28  Drone  
  19  1:38  Overlord  
  19  1:49  Drone  
  20  2:00  Queen x2  
  20  2:01  Zergling x4  
  26  2:10  Metabolic Boost  
  26  2:14  Drone x2  
  28  2:31  Hatchery  
  28  2:33  Drone  
  28  2:34  Drone  
  29  2:37  Drone  
  29  2:40  Drone  
  29  2:42  Drone  
  32  2:49  Queen  
  34  2:55  Overlord  
  34  2:58  Drone  
  35  3:02  Drone  
  35  3:04  Overlord  
  36  3:15  Drone x3  
  36  3:16  Drone x2  
  41  3:22  Drone  
  41  3:25  Queen  
  44  3:30  Drone  
  45  3:41  Drone x3, Roach Warren, Extractor  
  46  3:42  Drone  
  46  3:43  Drone, Extractor  
  47  3:50  Overlord  
  47  3:53  Drone  
  47  3:54  Drone x2  
  50  3:57  Drone  
  50  4:02  Overlord x2  
  51  4:21  Roach x7  
  51  4:23  Zergling x2  
  51  4:24  Zergling x4  
  68  4:26  Roach  
  68  4:29  Roach  
  72  4:34  Roach, Overlord  
  74  4:44  Overlord  
  73  4:53  Roach x3  
  73  4:54  Roach, Zergling x2  
  73  4:55  Overlord x2  
  81  5:08  Roach  
  81  5:10  Roach  
  81  5:11  Zergling x2  
  81  5:12  Overlord x2  
  81  5:13  Roach x2  
Tags
 
Add a new tag
Caveats
  • Supply blocks, unpowered buildings, or Contaminate may cause inaccurate times.
  • Supply counts are checked every 10 seconds.